AoeStats
← Cyamaan

Arabia

508708903Analyzed
1v1 RM · 8d ago on Sep 23, 2026· 52m 0s· 2 players
Game mode
Random Map
Map size
Tiny (2 player)
Population
200
Speed
Normal
Resources
Standard
Victory
Conquest
Starting age
Dark Age
Ending age
Imperial Age
RankedLock teamsTeams togetherTeam positionsShared explorationLock speedFull tech treeHidden civsTurbo modeCheats
Victory
Defeat
🇨🇦 Varangians · Canada
1027
+17
🇹🇷 Chinese · Türkiye
1044
-17
Cyamaan
9:57 Feudal Age
11:48 Loom
16:30 Castle Age
16:43 Bloodlines
16:44 Scale Barding Armor
16:50 Forging
16:48 Double-Bit Axe
22:51 Horse Collar
23:49 Bow Saw
25:50 Chain Barding Armor
26:28 Iron Casting
28:15 Heavy Plow
28:58 Wheelbarrow
30:17 Squires
30:05 Gambesons
30:23 Scale Mail Armor
30:12 Arson
32:12 Chain Mail Armor
34:24 Husbandry
40:14 Imperial Age
41:06 Gothikon
42:07 Conscription
41:43 Elite Varangian Guard
42:58 Pikeman
45:04 Plate Mail Armor
45:06 Halberdier
47:49 Blast Furnace
Lynchburg
0:41 Loom
10:02 Feudal Age
10:44 Double-Bit Axe
19:27 Castle Age
17:48 Fletching
22:59 Scale Mail Armor
23:02 Crossbowman
27:17 Ballistics
27:37 Bow Saw
26:55 Pikeman
30:47 Wheelbarrow
35:23 Imperial Age
33:22 Forging
33:29 Bodkin Arrow
34:50 Padded Archer Armor
35:29 Thumb Ring
35:19 Town Watch
37:17 Hand Cart
37:39 Conscription
37:28 Scale Barding Armor
37:24 Bracer
38:00 Iron Casting
37:40 Leather Archer Armor
38:30 Two-Man Saw
38:16 Bloodlines
38:14 Husbandry
37:34 Light Cavalry
38:39 Chain Barding Armor
38:17 Horse Collar
39:49 Town Patrol
41:32 Chain Mail Armor
49:35 Plate Barding Armor
50:14 Elite Skirmisher
Connection lost

Rejoining the realm…

Still unreachable

The connection could not be restored.

Session expired

The server has moved on; the page needs a fresh start.